 Dungeon Crawl Stone Soup version 0.28-a0-662-g1651b1f1e0 (webtiles) character file.

Game seed: 13176185537057497840

536 ytrimaz the Covert (level 7, -7/45 HPs)
             Began as an Octopode Brigand on Oct 15, 2021.
             Mangled by an orc warrior (15 damage)
             ... on level 5 of the Dungeon.
             The game lasted 00:06:07 (3809 turns).

ytrimaz the Covert (Octopode Brigand)               Turns: 3809, Time: 00:06:08

Health: -7/45      AC:  3    Str: 11    XL:     7   Next: 25%
Magic:  7/7        EV: 13    Int: 19    God:
Gold:   79         SH:  0    Dex: 15    Spells: 6/6 levels left

rFire   . . .      SeeInvis .   a - +2 dagger
rCold   . . .      Faith    .   (no shield)
rNeg    . . .      Spirit   .   n - +2 hat
rPois   .          Reflect  .   (no amulet)
rElec   .          Harm     .   g - +6 ring of intelligence
rCorr   .          Rampage  .   (no ring)
Will    .....                   (no ring)
Stlth   +++++.....              (no ring)
HPRegen 0.15/turn               (no ring)
MPRegen 0.10/turn               (no ring)
                                (no ring)
                                (no ring)

@: no status effects
A: almost no armour, amphibious, 8 rings, camouflage 1, gelatinous body 1,
(nimble swimmer 1), tentacles
a: no special abilities


You were on level 5 of the Dungeon.
You visited 1 branch of the dungeon, and saw 5 of its levels.

You collected 127 gold pieces.
You spent 48 gold pieces at shops.

Inventory:

Hand Weapons
 a - a +2 dagger (weapon)
Missiles
 b - 8 poisoned darts
 c - 2 curare-tipped darts (quivered)
Armour
 n - a +2 hat (worn)
Jewellery
 g - a +6 ring of intelligence (left tentacle)
Wands
 m - a wand of flame (3)
Scrolls
 d - a scroll of acquirement {unknown}
 f - a scroll of amnesia
 l - 5 scrolls of teleportation
Potions
 e - 2 potions of berserk rage {unknown}
 h - 2 potions of heal wounds {unknown}
 i - 2 potions of degeneration {unknown}
 j - a potion of experience {unknown}
 k - 3 potions of curing {unknown}
 o - a potion of might {unknown}


   Skills:
 + Level 2.7 Fighting
 + Level 3.9 Short Blades
 + Level 2.1 Throwing
 + Level 2.1 Dodging
 + Level 10.0 Stealth


You had 6 spell levels left.
You didn't know any spells.
Your spell library contained the following spells:

 Spells                   Type           Power      Damage    Failure   Level
 Corpse Rot               Necr/Air       N/A        N/A       30%         2
 Poisonous Vapours        Pois/Air       0%         N/A       30%         2


Dungeon Overview and Level Annotations

Branches:
Dungeon (5/15)
 Temple: D:4-7

Altars:
Nemelex Xobeh
Uskayaw

Shops:
D:3 :   D:4 *:   D:5 ?

Annotations:
D:3 Eustachio
D:4 Sigmund
D:5 Menkaure


Innate Abilities, Weirdness & Mutations

You cannot wear most types of armour.
You are amphibious.
You can wear up to eight rings at the same time.
Your skin changes colour to match your surroundings (Stealth+).
Your rubbery body absorbs attacks. (AC +1, EV +1)
((You are camouflaged near water. (Stealth+)))
You have tentacles for arms and can constrict up to eight enemies at once.


Message History

Your Stealth skill increases to level 10!
Found a bubbling orange potion.
The walls and floor vibrate strangely for a moment.
Found Qyjom's Magic Scroll Boutique.
You see here a bubbling orange potion.
A river rat comes into view.
There is an entrance to Qyjom's Magic Scroll Boutique here.
Unknown command.
Found a scroll labelled LEUCOA TALA.
Menkaure, Prince of Dust comes into view.
Found 24 poisoned darts.
The orc warrior hits you with a +0 long sword!
Found a scroll labelled LUAMAR COMYHI.
Menkaure shouts!
Menkaure mumbles some strange words.
Menkaure seems to speed up.
Menkaure calls on the powers of darkness!
The orc convulses!
The river rat convulses!
Your body is wracked with pain!
The orc warrior convulses!
You hit the orc warrior but do no damage.
You grab the orc warrior. You squeeze the orc warrior.
The orc warrior is heavily wounded.
You constrict the orc warrior, but do no damage.
The river rat closely misses you.
You hit the orc warrior.
The orc warrior is heavily wounded.
You constrict the orc warrior.
Menkaure calls on the powers of darkness!
The river rat convulses!
Your body is wracked with pain!
* * * LOW HITPOINT WARNING * * *
The orc warrior convulses!
The orc warrior hits you with a +0 long sword.
* * * LOW HITPOINT WARNING * * *
You hit the orc warrior but do no damage.
Your squeeze misses the orc warrior.
The orc warrior is severely wounded.
You constrict the orc warrior. The river rat completely misses you.
The orc misses you.
The orc warrior hits you with a +0 long sword!
You die...

##..(..##......
#.....M.......
#............
#.?.........#
######.....##...#
#...##.....##...#
#..o.......##...##
#.@r.............#
#..o............##
###..####.......#
####≈≈##.##...#
≈≈≈..##.∩.+
≈≈##......# #
#.......#
#...!...##.
#..........


You could see an orc warrior, a river rat and an orc.

Vanquished Creatures
  A water moccasin (D:4)
  An ogre (D:5)
  A water moccasin skeleton (D:5)
  A bullfrog zombie (D:5)
  Crazy Yiuf (D:2)
  A jelly (D:4)
  2 iguanas (D:4)
  5 adders
  An ufetubus (D:5)
  5 worms
  3 dart slugs
  7 orcs
  11 ball pythons
  3 bats
  7 endoplasms
  5 giant cockroaches
  5 goblins
  4 hobgoblins
  9 kobolds
  4 quokkas (D:2)
  3 frilled lizards
  4 rats
84 creatures vanquished.

Vanquished Creatures (others)
  A plant (D:5)
1 creature vanquished.

Grand Total: 85 creatures vanquished

Notes
Turn   | Place    | Note
-------+----------+-------------------------------------------
     0 | D:1      | ytrimaz the Octopode Brigand began the quest for the Orb.
     0 | D:1      | Reached XP level 1. HP: 14/14 MP: 1/1
   158 | D:1      | Reached XP level 2. HP: 19/19 MP: 2/2
   161 | D:1      | Reached skill level 6 in Stealth
   839 | D:1      | Reached XP level 3. HP: 24/24 MP: 3/3
  1830 | D:2      | Reached skill level 7 in Stealth
  1880 | D:2      | You fall into a shaft and drop 1 floor!
  1886 | D:3      | Found a faded altar of an unknown god.
  1894 | D:3      | Reached XP level 4. HP: 29/29 MP: 4/4
  2046 | D:3      | Found Ticag's Book Boutique.
  2148 | D:2      | Found a runed translucent door.
  2149 | D:2      | Noticed Crazy Yiuf
  2328 | D:2      | Killed Crazy Yiuf
  2547 | D:3      | Reached XP level 5. HP: 34/34 MP: 5/5
  2561 | D:3      | Reached skill level 8 in Stealth
  2775 | D:4      | Found a sparkling altar of Nemelex Xobeh.
  2775 | D:4      | Found a hide-covered altar of Uskayaw.
  2817 | D:4      | Found Heysier's Humungous Hoard.
  2823 | D:4      | Bought a +0 hat for 48 gold pieces
  2968 | D:4      | Noticed Eustachio
  2969 | D:4      | Noticed a water moccasin
  3013 | D:4      | Found Kehaman's Book Shop.
  3020 | D:5      | Entered Level 5 of the Dungeon
  3220 | D:4      | Reached XP level 6. HP: 32/41 MP: 6/6
  3359 | D:4      | Noticed Sigmund
  3547 | D:4      | Killed a water moccasin
  3548 | D:4      | Reached skill level 9 in Stealth
  3759 | D:5      | Reached XP level 7. HP: 32/45 MP: 7/7
  3782 | D:5      | Reached skill level 10 in Stealth
  3785 | D:5      | Found Qyjom's Magic Scroll Boutique.
  3796 | D:5      | Noticed Menkaure
  3809 | D:5      | Mangled by an orc warrior

Illustrated notes

Levels and vault maps discovered:
D:1:      dpeg_arrival_pits, layout_loops_corners, due_unseen_surprise
D:2:      minmay_alternating_diamond, layout_rooms, grunt_ministairs_14,
          uniq_crazy_yiuf_cottage
D:3:      layout_rooms, serial_shops, nicolae_shop_crystal,
          hellmonk_ecumenical_altar_arch_garden
D:4:      layout_cave_pods, amethyst_overflow_temple_binary, serial_shops, shop,
          nicolae_alphabet_shops, uniq_sigmund, uniq_eustachio
D:5:      layout_gridville, minmay_temple_entry_overgrown, serial_shops, shop,
          shop, nicolae_shop_trees, gup_sewer_entry_bubbles,
          small_statue_intersection, uniq_menkaure

Skill      XL: |  1  2  3  4  5  6  7 |
---------------+----------------------+-----
Stealth        | 6 7 8 9 10 | 10.0
Short Blades   | 3 |  3.9
Dodging        | 2 |  2.1
Fighting       | |  2.7
Throwing       | |  2.1

Action                   |  1- 3 |  4- 6 |  7- 9 || total
-------------------------+-------+-------+-------++-------
Melee: Dagger            |    71 |    97 |     5 ||   173
       Constrict         |    12 |    16 |     1 ||    29
       Tentacles         |     9 |    17 |     1 ||    27
Throw: Dart              |       |     3 |       ||     3
  Use: Scroll            |     2 |     5 |       ||     7
 Stab: Sleeping          |    20 |    17 |     2 ||    39
Armor: Skin              |     2 |    13 |       ||    15
Dodge: Dodged            |    41 |    51 |     3 ||    95

Table legend: (Time is in decaauts)
 A = Elapsed time spent in this place.
 B = Non-inter-level travel time spent in this place.
 C = Inter-level travel time spent in this place.
 D = Time resting spent in this place.
 E = Time spent auto-exploring this place.
 F = Levels seen in this place.
 G = Mean time per level.
                   A        B        C        D        E       F      G
               +--------+--------+--------+--------+--------+-----+--------+
         Total |   3789 |   3683 |    106 |    314 |   2408 |   5 |  757.8 |
       Dungeon |   3789 |   3683 |    106 |    314 |   2408 |   5 |  757.8 |
               +--------+--------+--------+--------+--------+-----+--------+

Top non-repeatable levels by time:
     D:1: 1278 daAuts
     D:2: 915 daAuts
     D:4: 722 daAuts
     D:3: 646 daAuts
     D:5: 226 daAuts
